 Dungeon Crawl Stone Soup version 0.21.0-25-ge575cb9 (webtiles) character file.

49 Miyamura the Insei (level 3, -4/23 HPs)
             Began as an Octopode Transmuter on Jan 24, 2018.
             Slain by a gnoll
             ... wielding a +0 club
              (10 damage)
             ... on level 3 of the Dungeon.
             The game lasted 00:04:27 (2059 turns).

Miyamura the Insei (Octopode Transmuter)            Turns: 2059, Time: 00:04:27

Health: -4/23      AC:  1    Str: 12    XL:     3   Next: 75%
Magic:  6/6        EV: 14    Int: 15    God:
Gold:   124        SH:  0    Dex: 13    Spells: 0/6 levels left

rFire    . . .     SeeInvis .     - Unarmed
rCold    . . .     Gourm    .   (no shield)
rNeg     . . .     Faith    .   (helmet restricted)
rPois    .         Spirit   .   (no amulet)
rElec    .         Reflect  .   i - +3 ring of strength
rCorr    .         Harm     .   (no ring)
MR       .....                  (no ring)
Stlth    +++.......             (no ring)
HPRegen  0.07/turn              (no ring)
MPRegen  0.10/turn              (no ring)
                                (no ring)
                                (no ring)

@: appendage (expiring)
A: almost no armour, stealthy swim, amphibious, 8 rings, constrict 8, tentacle
spike 3, camouflage 1, gelatinous body 1
a: End Transformation


You were on level 3 of the Dungeon.
You were not hungry.
One of your tentacles had a temporary spike.
You visited 1 branch of the dungeon, and saw 3 of its levels.

You collected 124 gold pieces.

Inventory:

Missiles
 a - 12 arrows
Jewellery
 i - a +3 ring of strength (left tentacle)
Wands
 n - a wand of polymorph (22)
Scrolls
 e - 2 scrolls of amnesia
 f - 3 scrolls of identify
 g - a scroll of remove curse {unknown}
 m - a scroll of blinking {unknown}
Potions
 d - a potion of degeneration {unknown}
 h - a potion of brilliance {unknown}
 j - a potion of haste {unknown}
 l - a potion of mutation {unknown}
Books
 b - a book of Changes

   Spells                             Type                      Level
   a - Beastly Appendage              Transmutation                1
   b - Sticks to Snakes               Transmutation                2
   c - Spider Form                    Transmutation/Poison         3
   d - Ice Form                       Ice/Transmutation            4
   e - Blade Hands                    Transmutation                5
Comestibles
 c - 5 rations
 k - 2 chunks of flesh


   Skills:
 + Level 1.5 Fighting
 + Level 2.4 Dodging
 + Level 1.4 Stealth
 + Level 3.2 Unarmed Combat
 + Level 2.3 Spellcasting
 + Level 2.4 Transmutations


You couldn't memorise any spells.
You knew the following spells:

 Your Spells              Type           Power        Failure   Level  Hunger
a - Beastly Appendage     Tmut           #.....       8%          1    #......
s - Spider Form           Tmut/Pois      #.........   36%         3    ###....
t - Sticks to Snakes      Tmut           #.......     12%         2    ###....


Dungeon Overview and Level Annotations

Branches:
Dungeon (3/15)

Altars:
Okawaru

Annotations:
D:2 Natasha


Innate Abilities, Weirdness & Mutations

You cannot wear most types of armour.
You are very stealthy in the water. (Stealth+)
You are amphibious.
You can wear up to eight rings at the same time.
You can use your tentacles to constrict eight enemies at once.
Your skin changes colour to match your surroundings (Stealth+).
Your rubbery body absorbs attacks. (AC +1, EV +1)
One of your tentacles bears a large vicious spike.


Message History

A gnoll comes into view. It is wielding a flail.
Casting: Beastly Appendage
Confirm with . or Enter, or press ? or * to list all spells.
One of your tentacles grows a vicious spike. 3 gnolls come into view.
The gnoll shouts! x4
The gnoll hits you with a flail.
You barely miss the gnoll. You grab the gnoll.
You pierce the gnoll.
The gnoll is moderately wounded.
You constrict the gnoll. The gnoll hits you with a club!
The gnoll hits you with a flail.
You are too injured to fight recklessly!
You release your grip on the gnoll.
Your transformation is almost over.
Okay, then.
As you read the scroll labeled ZITTIW ER FUPIF, it crumbles to dust.
It is a scroll of identify.
e - 2 scrolls of amnesia The gnoll hits you with a club!
You die...

######........#
####.............#
#..'..............
#.##........##.###
#.####...........#
#.# #.#######.#.#
#.# #.# #.#.# #.#
#.# #.# # #@# #.#
#.# # #g# #.# #
#g# # #g# .
#.g..g... #
#########


You could see 4 gnolls.

Vanquished Creatures
  An adder (D:2)
  2 worms (D:2)
  2 leopard geckos (D:1)
  4 bats
  5 hobgoblins
  4 kobolds
  A quokka (D:3)
  5 frilled lizards
  5 goblins
  2 rats
31 creatures vanquished.

Notes
Turn   | Place    | Note
-------+----------+-------------------------------------------
     0 | D:1      | Miyamura the Octopode Transmuter began the quest for the Orb.
     0 | D:1      | Reached XP level 1. HP: 13/13 MP: 3/3
   348 | D:1      | Reached XP level 2. HP: 18/18 MP: 3/5
   837 | D:1      | Learned a level 2 spell: Sticks to Snakes
   908 | D:2      | Found an iron altar of Okawaru.
   908 | D:2      | Noticed Natasha
  1027 | D:2      | Reached skill level 1 in Stealth
  1094 | D:2      | Reached XP level 3. HP: 23/23 MP: 4/6
  1720 | D:2      | Learned a level 3 spell: Spider Form
  2059 | D:3      | Slain by a gnoll

Skill      XL: |  1  2 |
---------------+-------+-----
Stealth        | 1 |  1.4
Fighting       | |  1.5
Dodging        | |  2.4
Unarmed Combat | |  3.2
Spellcasting   | |  2.3
Transmutations | |  2.4

Action                   || total
-------------------------++-------
Melee: Unarmed           ||    73
       Constrict         ||    20
       Kick              ||    11
       Tentacles         ||    10
 Cast: Beastly Appendage ||    17
  Use: Scroll            ||     1
 Stab: Sleeping          ||    11
  Eat: Chunk             ||     4
Armor: Skin              ||     9
Dodge: Dodged            ||    28
